Map: Lightshade LE

Players

Serral - Winner!

  • Race: Zerg Zerg
  • Spawn Location: 5:00

Dark

  • Race: Zerg Zerg
  • Spawn Location: 11:00

Event: TSL 6

VOD

Have the link to the VOD?

Description

Time

  • Played on: Dec. 12, 2020, 2:08 p.m.
  • Length: 14:49

All games in this series

Show
View Real Time Build Order
Export as new Build Order

Serral Zerg - Winner!

Build Orders: Pool First, Lurkers 

Get SALT Encoding   

  12  0:00  Drone  
  13  0:12  Overlord  
  13  0:17  Drone  
  14  0:30  Drone  
  14  0:31  Drone  
  16  0:36  Drone  
  17  0:44  Spawning Pool  
  17  0:47  Drone  
  17  1:07  Hatchery  
  17  1:10  Drone  
  17  1:12  Extractor  
  17  1:15  Drone  
  17  1:18  Drone  
  18  1:30  Queen  
  18  1:31  Zergling x2  
  21  1:39  Overlord  
  21  1:49  Drone  
  22  1:59  Drone  
  23  2:06  Queen  
  25  2:11  Drone, Metabolic Boost  
  26  2:18  Drone  
  26  2:19  Queen  
  26  2:21  Drone  
  30  2:29  Drone  
  31  2:35  Overlord  
  31  2:39  Drone x3  
  31  2:44  Baneling Nest  
  33  2:48  Zergling x2  
  33  2:49  Drone  
  35  2:52  Drone  
  35  2:57  Zergling x2  
  37  3:02  Drone  
  37  3:03  Evolution Chamber  
  37  3:08  Drone  
  38  3:17  Hatchery  
  38  3:18  Drone  
  38  3:24  Drone x2  
  40  3:27  Zergling x2  
  40  3:29  Drone  
  40  3:31  Zergling x2  
  40  3:32  Drone, Baneling  
  44  3:40  Overlord  
  44  3:43  Overlord  
  44  3:45  Zerg Missile Weapons Level 1  
  44  3:51  Extractor  
  44  3:52  Drone  
  44  3:53  Roach Warren  
  44  3:54  Drone  
  44  3:59  Drone x3  
  47  4:05  Drone x3  
  47  4:08  Zergling x2  
  47  4:09  Drone  
  51  4:15  Drone x2  
  53  4:20  Overlord  
  53  4:21  Drone x3  
  56  4:25  Zergling x2  
  57  4:32  Drone  
  57  4:33  Drone  
  57  4:37  Zergling x2  
  59  4:42  Drone  
  59  4:43  Evolution Chamber, Baneling  
  59  4:44  Drone x2, Baneling  
  61  4:46  Drone  
  61  4:47  Drone  
  62  4:54  Baneling  
  62  4:57  Lair  
  62  4:59  Extractor  
  61  5:01  Overlord  
  61  5:04  Overlord, Drone x3  
  61  5:06  Roach x3  
  61  5:07  Roach  
  70  5:11  Extractor  
  69  5:14  Drone x2  
  69  5:16  Drone x2  
  69  5:21  Drone x3  
  76  5:24  Pneumatized Carapace  
  76  5:27  Overlord  
  76  5:29  Overlord  
  76  5:33  Overlord  
  75  5:35  Drone  
  75  5:36  Drone x3  
  75  5:41  Extractor x2  
  77  5:44  Drone  
  77  5:45  Drone  
  77  5:47  Roach x2  
  83  5:57  Glial Reconstitution  
  83  5:59  Overseer  
  83  6:00  Drone  
  83  6:01  Drone x3  
  83  6:02  Roach x3  
  93  6:05  Zerg Missile Weapons Level 2  
  93  6:06  Roach x2  
  89  6:14  Zerg Ground Armor Level 1  
  89  6:23  Drone x3  
  89  6:24  Drone x4  
  96  6:29  Drone x2  
  96  6:31  Roach x4  
  105  6:37  Overlord  
  105  6:38  Roach x2  
  105  6:39  Overlord  
  109  6:40  Overseer  
  109  6:41  Roach, Hatchery  
  109  6:45  Roach  
  112  6:50  Overlord x2  
  112  7:00  Roach x7  
  126  7:04  Drone  
  126  7:06  Roach  
  126  7:07  Overlord x2  
  129  7:13  Infestation Pit  
  129  7:15  Queen  
  128  7:16  Queen  
  128  7:19  Queen  
  128  7:20  Overseer  
  134  7:26  Drone x2  
  134  7:27  Drone  
  135  7:39  Drone  
  135  7:40  Roach x3  
  135  7:41  Roach x4, Spore Crawler  
  135  7:43  Spore Crawler  
  135  7:44  Spore Crawler x2, Ravager x4  
  150  7:52  Overlord x3  
  150  7:54  Infestor  
  150  7:55  Infestor  
  156  7:59  Roach x2  
  156  8:05  Burrow  
  158  8:07  Overseer  
  158  8:10  Ravager  
  158  8:11  Roach x5  
  169  8:15  Roach x2  
  173  8:21  Overlord x2  
  173  8:22  Roach x2  
  177  8:28  Overlord x2  
  177  8:37  Overlord  
  177  8:39  Overlord  
  177  8:41  Roach x5  
  187  8:47  Roach x3  
  193  8:50  Ravager x2  
  193  8:52  Hive  
  195  9:03  Tunneling Claws  
  195  9:06  Roach x2  
  195  9:07  Roach  
  195  9:09  Overlord  
  195  9:11  Hydralisk Den  
  195  9:12  Extractor  
  195  9:13  Drone x3  
  195  9:15  Ravager  
  195  9:16  Roach x2  
  199  9:19  Zerg Ground Armor Level 2  
  189  9:47  Roach x11  
  189  9:48  Roach x17  
  175  9:56  Roach x13  
  170  10:01  Grooved Spines  
  170  10:04  Hydralisk  
  170  10:05  Hydralisk x2  
  165  10:08  Hydralisk  
  165  10:09  Infestor x2, Hydralisk  
  155  10:14  Hydralisk, Spore Crawler  
  155  10:19  Hydralisk x2  
  160  10:23  Ravager  
  160  10:24  Ravager x2  
  160  10:30  Roach x2  
  160  10:34  Roach x4  
  172  10:39  Roach x3  
  178  10:46  Roach x4  
  178  10:47  Roach x3  
  186  10:53  Zerg Missile Weapons Level 3  
  186  11:02  Queen x3  
  194  11:09  Baneling  
  186  11:13  Muscular Augments  
  186  11:15  Roach x6, Ravager  
  199  11:27  Overlord  
  199  11:29  Hydralisk  
  199  11:35  Roach x5  
  199  11:41  Zerg Ground Armor Level 3  
  199  11:50  Lurker Den  
  194  12:05  Roach  
  194  12:06  Roach x7  
  200  12:12  Overseer  
  192  12:25  Roach x8  
  192  12:28  Queen  
  194  12:31  Extractor  
  194  12:32  Drone x3  
  196  12:46  Roach x37  
  196  12:49  Spine Crawler x3  
  196  12:50  Seismic Spines  
  193  12:52  Lurker x7  
  200  13:10  Roach x18  
  200  13:11  Hatchery  
  199  13:23  Roach x3  
  199  13:24  Roach x3  
  190  13:29  Roach x12  
  190  13:33  Infestor x2  
  199  13:43  Roach x3  
  199  13:50  Roach  
  199  13:51  Roach  
  199  13:52  Roach  
  197  13:58  Hydralisk x2  
  197  13:59  Roach x4  
  193  14:13  Hydralisk x3  
  193  14:15  Extractor  
  192  14:26  Roach x6  
Show
View Real Time Build Order
Export as new Build Order

Dark Zerg 

Build Orders: Hatch First, Muta Ling Bane 

Get SALT Encoding   

  12  0:00  Drone  
  13  0:12  Overlord  
  13  0:17  Drone  
  14  0:31  Drone x2  
  16  0:48  Hatchery  
  15  0:52  Drone  
  15  0:55  Drone  
  17  0:58  Drone  
  18  1:09  Extractor  
  17  1:13  Spawning Pool  
  17  1:16  Drone  
  17  1:20  Drone  
  18  1:28  Drone  
  19  1:40  Drone  
  20  1:51  Drone  
  21  2:00  Queen x2  
  25  2:01  Zergling x2  
  25  2:04  Drone  
  27  2:11  Overlord  
  27  2:13  Drone  
  27  2:15  Metabolic Boost  
  28  2:30  Zergling x2  
  28  2:31  Drone  
  28  2:35  Drone x2  
  32  2:47  Baneling Nest  
  32  2:49  Zergling x2  
  32  2:50  Overlord  
  32  2:55  Overlord, Drone  
  33  3:07  Overlord  
  33  3:09  Hatchery  
  33  3:12  Zergling x4  
  33  3:13  Zergling x2  
  33  3:14  Drone  
  33  3:16  Drone  
  33  3:19  Drone  
  37  3:25  Queen  
  39  3:29  Zergling x2  
  39  3:30  Baneling  
  39  3:31  Baneling  
  39  3:32  Baneling  
  39  3:33  Baneling  
  40  3:34  Zergling x2  
  40  3:37  Drone  
  40  3:38  Drone  
  43  3:44  Drone  
  43  3:45  Drone x2  
  43  3:47  Drone  
  47  3:48  Baneling  
  47  3:49  Baneling  
  47  3:56  Zergling x6  
  47  4:02  Drone x2  
  52  4:07  Overlord  
  51  4:10  Overlord  
  51  4:15  Evolution Chamber  
  50  4:18  Overlord  
  50  4:20  Drone  
  50  4:21  Roach Warren, Drone  
  51  4:26  Drone  
  51  4:29  Drone  
  53  4:32  Lair  
  53  4:36  Drone x3  
  53  4:37  Drone  
  57  4:39  Drone  
  58  4:46  Zerg Missile Weapons Level 1  
  58  4:47  Drone x3  
  58  4:50  Extractor, Drone  
  59  4:55  Drone x2  
  59  4:57  Drone  
  59  4:59  Drone x2  
  64  5:06  Drone x3  
  65  5:10  Zergling x4  
  67  5:14  Overlord  
  67  5:17  Extractor  
  67  5:19  Extractor  
  67  5:20  Roach x2  
  67  5:21  Roach x2, Drone x2  
  73  5:23  Drone  
  73  5:25  Drone  
  73  5:27  Overlord  
  77  5:33  Drone  
  78  5:38  Roach x2  
  78  5:40  Spine Crawler  
  78  5:41  Overlord  
  78  5:42  Spine Crawler  
  79  5:44  Baneling x2  
  79  5:45  Roach  
  79  5:49  Overlord  
  81  5:52  Zergling x2, Roach x2  
  81  5:54  Spine Crawler  
  81  5:57  Drone x2  
  87  5:59  Drone  
  87  6:01  Drone x2  
  90  6:04  Drone  
  90  6:05  Drone  
  91  6:13  Roach, Spire  
  91  6:14  Extractor x2  
  91  6:16  Roach  
  91  6:17  Roach  
  95  6:19  Overlord  
  95  6:26  Glial Reconstitution  
  95  6:28  Drone x3  
  95  6:29  Drone x4  
  100  6:35  Drone  
  101  6:40  Drone x4  
  101  6:42  Evolution Chamber  
  101  6:45  Drone x2  
  106  6:51  Roach x2  
  106  6:52  Roach x2  
  114  6:56  Roach x2  
  118  7:02  Roach  
  118  7:03  Zerg Missile Weapons Level 2  
  118  7:07  Roach  
  118  7:08  Overlord  
  120  7:09  Ravager  
  120  7:12  Overlord  
  120  7:14  Overlord  
  121  7:15  Overlord  
  121  7:18  Overlord  
  121  7:21  Overlord x2  
  121  7:23  Overlord  
  121  7:26  Zerg Ground Armor Level 1  
  121  7:27  Mutalisk x3  
  127  7:32  Roach x4  
  127  7:34  Roach  
  137  7:37  Hatchery  
  137  7:41  Roach x3  
  142  7:47  Roach x4  
  150  7:51  Overlord x2  
  150  7:56  Roach x3  
  156  8:00  Roach  
  156  8:01  Roach x2  
  156  8:04  Roach, Centrifical Hooks  
  164  8:12  Roach x3  
  172  8:13  Roach  
  172  8:14  Roach  
  172  8:18  Zergling x6  
  172  8:19  Zergling x2  
  178  8:26  Zergling x10  
  183  8:30  Zergling x2  
  184  8:34  Zergling x6  
  184  8:37  Zergling x2  
  188  8:41  Zergling x4  
  188  8:43  Zergling x4  
  188  8:47  Zergling x2  
  193  8:51  Zergling x6  
  193  8:53  Zergling x2  
  197  9:01  Roach x2  
  198  9:09  Overseer  
  196  9:14  Roach x2  
  196  9:17  Baneling x32  
  200  9:18  Baneling x4  
  200  9:21  Baneling x2  
  200  9:28  Baneling x5  
  190  9:46  Roach x2  
  190  9:48  Roach x9  
  190  9:51  Roach x4  
  184  9:56  Roach x3  
  184  9:58  Roach  
  184  9:59  Roach  
  163  10:05  Roach x4  
  159  10:08  Roach x2  
  159  10:11  Roach x2  
  156  10:14  Roach x2  
  156  10:17  Extractor  
  156  10:19  Drone x3  
  160  10:21  Extractor  
  160  10:25  Spine Crawler, Drone x2  
  160  10:27  Spine Crawler x2  
  160  10:28  Spine Crawler  
  157  10:33  Overlord  
  157  10:36  Overlord  
  157  10:39  Pneumatized Carapace, Overseer  
  157  10:40  Drone x2  
  157  10:41  Drone  
  157  10:42  Drone x2  
  162  10:48  Zerg Ground Armor Level 2  
  162  10:53  Roach x9  
  162  10:56  Roach  
  182  10:57  Overseer  
  182  10:59  Roach x2  
  182  11:03  Roach  
  186  11:12  Ravager x4  
  190  11:24  Roach x2  
  190  11:25  Roach x3  
  196  11:43  Roach x3  
  200  11:52  Infestation Pit  
  200  11:53  Hydralisk Den, Overseer  
  198  11:59  Roach  
  196  12:06  Roach x4  
  200  12:08  Roach  
  200  12:14  Roach  
  196  12:18  Roach x4  
  196  12:21  Roach x2  
  194  12:24  Roach x10  
  194  12:26  Roach x2  
  194  12:27  Roach  
  171  12:31  Roach x4  
  171  12:34  Hive  
  175  12:37  Roach x3, Lurker Den  
  175  12:38  Ravager x2  
  178  12:46  Ravager x3  
  178  12:47  Roach, Ravager  
  178  12:48  Roach  
  186  12:54  Ravager  
  186  12:55  Ravager  
  186  12:56  Roach  
  190  13:00  Hatchery  
  190  13:01  Roach x5  
  200  13:05  Ravager  
  158  13:28  Roach x13  
  165  13:37  Roach  
  167  13:45  Overseer  
  167  13:46  Hydralisk x6  
  169  13:49  Adaptive Talons  
  169  13:54  Hydralisk x2  
  168  13:55  Overseer  
  168  14:04  Hydralisk x2  
  168  14:05  Roach x3  
  168  14:06  Roach  
  168  14:07  Roach  
  176  14:13  Roach  
  172  14:19  Roach x2  
  172  14:21  Roach  
  142  14:31  Drone x2  
  142  14:32  Drone  
  142  14:37  Drone x3  
Tags
 
Add a new tag
Caveats
  • Supply blocks, unpowered buildings, or Contaminate may cause inaccurate times.
  • Supply counts are checked every 10 seconds.